Cogmind - Beta 12 @@@ ROGUE MODE // 2023.07.11 @ 03:13:55 Player: hansy Result: Destroyed by G-73 Enforcer with Heavy Laser Performance ------------- Evolutions (9) 4500 Regions Visited (21) 4200 Robots Destroyed (267) 1335 Value Destroyed (14756) 14756 Prototype IDs (38) 760 Alien Tech Used (4) 800 Bonus (14097) 14097 TOTAL SCORE: 40448 Bonus ------- High Alert Combat Kills 3008 Follower Combat Kills 2090 Entered Garrisons 800 Used RIF Installer 3000 Met Data Miner 300 Used Core Reset Matrix 3000 Met Sigix 2000 Friendly Fire -101 Cogmind --------- Core Integrity 0/1600 Matter 292/300 Energy 100/100 System Corruption 23% Temperature Cool (11) Movement Flying (30) Location -1/Access Parts ------- > --- POWER (3) -------- (None) > --- PROPULSION (8) --- Cooled Q-thruster > --- UTILITY (11) ----- Experimental Target Analyzer > --- WEAPON (3) ------- Lance > --- INVENTORY (5) ---- Micro Antimatter Reactor Terrabomb Sigix Containment Pod Peak State ------------ > --- POWER ------------ Micro Antimatter Reactor Micro Antimatter Reactor Micro Antimatter Reactor > --- PROPULSION ------- Improved Antigrav System Improved Antigrav System Improved Antigrav System Combat Antigrav System Combat Antigrav System Combat Linear Gravjet Combat Linear Gravjet Combat Linear Gravjet > --- UTILITY ---------- Advanced Heat Sink Advanced Heat Sink Large Storage Unit Advanced Signal Interpreter Experimental Target Analyzer Experimental Target Analyzer Quantum Capacitor Advanced Powered Armor Advanced Powered Armor Advanced Hacking Suite > --- WEAPON ----------- Gamma Rifle HERF Cannon Plasma Lance > --- INVENTORY -------- Improved Antigrav System Improved Antigrav System Improved Antigrav System Improved Antigrav System Advanced Powered Armor Dimensional Node Initializer Dimensional Node Initializer Subatomic Replicator Terrabomb Enhanced Quantum Rifle Enhanced Quantum Rifle Enhanced Quantum Rifle Enhanced Quantum Rifle Sigix Containment Pod [Rating: 196] Favorites ----------- Power Micro Nuclear Core Engine Ion Engine Power Core Micro Nuclear Core Reactor Micro Antimatter Reactor Propulsion Improved Gravmag System Treads Advanced Heavy Siege Treads Leg Aluminum Leg Hover Unit Improved Gravmag System Flight Unit Cooled Q-thruster Utility Large Storage Unit Device Advanced Heat Sink Storage Large Storage Unit Processor Advanced Signal Interpreter Hackware Relay Coupler [NC] Protection Advanced Powered Armor Weapon KE Penetrator Energy Gun Gamma Rifle Energy Cannon Enhanced Nova Cannon Ballistic Gun KE Penetrator Ballistic Cannon Enhanced Gauss Cannon Launcher Mini Grenade Launcher Special Weapon Remote Datajack Piercing Weapon Plasma Lance Special Melee Weapon Advanced Datajack Build | -11 -10 -10 -10 -9 -8 -8 -7 -7 -6 -6 -6 -6 -5 -5 -5 -4 -3 -3 -2 -2 -1 ------- Run | Jun Mat Min Exi Min Mat Gar Fac Gar Fac Low Low Dat Pro Fac Gar Fac Res Gar Res Qua Acc Slots Evolved 18 | . . . . . 4 . 2 . 2 . . . . 2 . 2 2 . 2 . 2 Power 2 | . . . . . . . . . 1 . . . . . . . 1 . . . . Propulsion 6 | . . . . . 1 . . . 1 . . . . . . 2 . . . . 2 Utility 9 | . . . . . 3 . 1 . . . . . . 2 . . 1 . 2 . . Weapon 1 | . . . . . . . 1 . . . . . . . . . . . . . . Parts Attached 434 | 7 6 . 1 18 32 55 13 20 19 7 12 . 4 42 69 3 . 58 16 20 32 Power 54 | 1 2 . . 1 3 5 2 1 4 1 2 . . 3 14 1 . 11 1 . 2 Engine 13 | 1 2 . . 1 1 1 . 1 1 . . . . . 4 . . 1 . . . Core 25 | . . . . . 2 4 2 . 3 1 2 . . 3 7 . . 1 . . . Reactor 16 | . . . . . . . . . . . . . . . 3 1 . 9 1 . 2 Propulsion 107 | 2 1 . . 5 7 10 6 4 5 1 2 . 1 14 12 1 . 11 4 3 18 Treads 14 | . . . . . . . . . . . . . . . 8 1 . 5 . . . Leg 41 | 2 1 . . 5 7 10 6 4 1 . . . . 5 . . . . . . . Wheel . | . . . . . . . . . . . . . . . . . . . . . . Hover 45 | . . . . . . . . . 4 1 2 . 1 9 4 . . 6 4 3 11 Flight 7 | . . . . . . . . . . . . . . . . . . . . . 7 Utility 149 | 2 2 . . 9 14 19 4 6 5 2 3 . 1 14 24 . . 18 8 10 8 Device 75 | 1 . . . 5 8 13 1 3 2 2 1 . . 6 13 . . 8 3 5 4 Storage 11 | 1 1 . . 3 2 . . . 1 . . . . . . . . 1 . 2 . Processor 16 | . 1 . . 1 3 2 1 . 1 . 2 . . 2 . . . . 3 . . Hackware 22 | . . . . . 1 . 1 2 1 . . . . 5 4 . . 5 1 2 . Protection 25 | . . . . . . 4 1 1 . . . . 1 1 7 . . 4 1 1 4 Artifact . | . . . . . . . . . . . . . . . . . . . . . . Weapon 124 | 2 1 . 1 3 8 21 1 9 5 3 5 . 2 11 19 1 . 18 3 7 4 Energy Gun 39 | 2 1 . . . 2 2 . 3 3 2 1 . . 4 8 . . 4 2 4 1 Energy Cannon 20 | . . . . 2 . 4 . 5 2 . 1 . . . 4 . . . . . 2 Ballistic Gun 34 | . . . . . 5 11 . 1 . 1 2 . 2 1 3 . . 8 . . . Ballistic Cannon 6 | . . . . . 1 2 . . . . . . . 1 1 . . 1 . . . Launcher 3 | . . . . 1 . 2 . . . . . . . . . . . . . . . Special Weapon 5 | . . . . . . . 1 . . . . . . 2 1 . . . 1 . . Impact Weapon . | . . . . . . . . . . . . . . . . . . . . . . Slashing Weapon . | . . . . . . . . . . . . . . . . . . . . . . Piercing Weapon 3 | . . . . . . . . . . . . . . . . . . . . 2 1 Special Melee Weapon 14 | . . . 1 . . . . . . . 1 . . 3 2 1 . 5 . 1 . Unidentified Prototypes 10 | . . . . 1 . 2 . . 1 . . . . 2 1 . . 1 . 1 1 Corrupted Parts 4 | . . . . . . . . . . . . . . . 1 . . 1 1 . 1 System Corruption 24 | . . . . . . . . . . . . . . . 1 . . 7 6 . 10 Parts Lost 152 | . . . . 7 5 24 . 5 . . 8 . 6 7 24 . . 23 2 3 38 Power 18 | . . . . 1 1 3 . . . . 2 . . 1 4 . . 3 . . 3 Propulsion 54 | . . . . 3 2 8 . 1 . . 2 . 3 3 7 . . 5 . . 20 Utility 41 | . . . . . 1 7 . 1 . . 3 . 1 2 5 . . 7 1 2 11 Weapon 39 | . . . . 3 1 6 . 3 . . 1 . 2 1 8 . . 8 1 1 4 Highest Loss Streak 26 | . . . . 5 3 8 . 2 . . 5 . 3 3 11 . . 7 1 3 26 To Critical Strikes . | . . . . . . . . . . . . . . . . . . . . . . Average Slot Usage (%) 88 | . 100 100 100 97 94 94 98 88 87 85 89 100 96 95 79 73 66 77 96 92 64 Engine 2 | . 14 14 14 13 2 1 3 2 1 . . . . . 3 . . . . . . Core 5 | . . . . . 6 7 3 4 11 13 12 13 13 10 4 8 4 3 . . . Reactor 2 | . . . . . . . . . . . . . . . 2 1 4 7 11 13 7 Treads 2 | . . . . . . . . . . . . . . . 10 15 14 11 . . . Leg 11 | . 28 28 28 26 21 25 23 21 8 . . . . 7 . . . . . . . Hover 7 | . . . . . 3 . . . 17 26 25 26 23 14 1 . . 5 26 26 21 Device 11 | . 1 . . 12 11 14 15 14 13 23 18 13 11 8 12 15 14 10 10 14 7 Storage 6 | . 14 14 14 13 6 9 7 7 6 6 6 6 6 5 5 5 4 3 4 5 2 Processor 11 | . 12 14 14 1 22 14 15 7 5 6 10 20 20 21 10 . . . 6 13 9 Hackware 5 | . . . . . . . 3 9 12 2 . . . 6 3 10 9 16 18 3 2 Protection 2 | . . . . . . 4 2 4 . . . . 1 1 4 . . 2 5 4 5 Energy Gun 5 | . 28 28 14 . 4 . . 3 4 5 5 6 6 3 4 10 9 6 8 7 2 Energy Cannon 2 | . . . . 26 . 1 . 5 3 . . 6 3 . 5 . . . . . 1 Ballistic Gun 4 | . . . . . 11 11 15 2 . . 5 6 8 4 3 2 . 4 . . . Naked Turns . | . . . . . . . . . . . . . . . . . . . . . . Heaviest Build 121 | 15 17 17 17 34 35 55 45 54 61 58 59 55 55 58 112 73 71 121 87 86 103 Greatest Support 240 | 20 20 20 20 20 39 54 51 60 66 40 40 40 40 72 160 240 240 240 84 86 110 Greatest Overweight (x) 5 | 4 . . . 2 2 2 1 2 1 1 1 1 2 3 2 . . 5 1 1 1 Average Overweight (x) . | . . . . . . . . . . 1 1 1 1 . . . . . . . . Largest Inventory Capacity 15 | 8 10 10 10 15 15 15 15 15 15 15 15 15 15 15 15 15 15 15 15 15 15 Average Capacity 13 | 7 8 10 10 11 10 15 15 15 15 15 15 15 15 15 15 15 15 13 15 15 11 Most Carried 15 | 5 9 10 10 10 15 15 15 15 15 15 15 15 15 15 15 15 15 15 15 15 15 Average Carried 12 | 2 6 9 9 9 8 13 14 14 14 14 14 15 14 14 12 14 15 11 14 14 9 Final Capacity 15 | 8 10 10 10 5 15 15 15 15 15 15 15 15 15 15 15 15 15 15 15 15 5 Final Carried 15 | 2 9 10 10 5 15 15 15 15 15 15 15 15 14 11 15 15 15 14 15 15 4 Class Distribution -------------------- 23% | Mutant 23% | Scavenger-Mutant 12% | Skirmisher 7% | Scavenger-Skirmisher 7% | Scavenger-Gunner 4% | Gunner Dominant Class ---------------- Mutant | -10/Materials Mutant | -10/Mines Mutant | -10/Exiles Scavenger-Mutant | -9/Mines Skirmisher | -8/Materials Mutant | -8/Garrison Scavenger-Mutant | -7/Factory Gunner | -7/Garrison Skirmisher | -6/Factory Skirmisher | -6/Lower Caves Skirmisher | -6/Lower Caves Derelict-Gunner | -6/Data Miner Derelict-Gunner | -5/Proximity Caves Scavenger-Skirmisher | -5/Factory Scavenger-Gunner | -5/Garrison Scavenger-Skirmisher | -4/Factory Commander-Assassin | -3/Research Bothacker-Skirmisher | -3/Garrison Scavenger-Mutant | -2/Research Scavenger-Mutant | -2/Quarantine Scavenger-Mutant | -1/Access Resources | -11 -10 -10 -10 -9 -8 -8 -7 -7 -6 -6 -6 -6 -5 -5 -5 -4 -3 -3 -2 -2 -1 ----------- Run | Jun Mat Min Exi Min Mat Gar Fac Gar Fac Low Low Dat Pro Fac Gar Fac Res Gar Res Qua Acc Matter Collected 8825 | 254 76 . 10 165 939 1305 95 380 183 77 295 . 175 988 1201 . . 1910 315 180 277 Remotely . | . . . . . . . . . . . . . . . . . . . . . . Salvage Created 13660 | 115 296 . . 434 1214 1516 . 1052 327 133 418 . 357 1090 3016 . . 2805 431 232 224 Parts 615 | 5 33 . . 25 82 76 . 42 14 5 16 . 22 55 107 . . 93 15 11 14 Haulers Intercepted 3 | . 1 . . . . . . . 1 . . . . . . . . . . . 1 Recyclers Shooed 8 | . 1 . . 2 1 . . . . . . . . 3 . . . . . 1 . Parts Field Recycled . | . . . . . . . . . . . . . . . . . . . . . . Retrieved Matter . | . . . . . . . . . . . . . . . . . . . . . . Parts Self-Destructed 42 | . . . . . . . . . . 5 12 . 25 . . . . . . . . Prevented 2 | . . . . . . . . . . . 2 . . . . . . . . . . Kills | -11 -10 -10 -10 -9 -8 -8 -7 -7 -6 -6 -6 -6 -5 -5 -5 -4 -3 -3 -2 -2 -1 ------- Run | Jun Mat Min Exi Min Mat Gar Fac Gar Fac Low Low Dat Pro Fac Gar Fac Res Gar Res Qua Acc Combat Hostiles Destroyed 229 | . 9 . . 10 27 40 . 16 5 3 9 . 9 19 38 . . 37 3 2 2 Melee 3 | . . . . . . . . . . . . . . . . . . . . 1 2 Guns 143 | . 7 . . 1 20 27 . 13 2 3 8 . 6 6 18 . . 30 2 . . Cannons 72 | . . . . 9 7 9 . 3 3 . . . 3 12 19 . . 7 . . . AOE 8 | . 2 . . . . 4 . . . . 1 . . 1 . . . . . . . Classes Destroyed 19 | 2 4 . . 1 7 1 . . 1 . 1 . 1 . 1 . . . . . . Worker 6 | . . . . . 5 . . . . . . . . 1 . . . . . . . Builder 6 | . . . . . 1 . . . . . . . . 1 . . . . 1 . 3 Tunneler 2 | 2 . . . . . . . . . . . . . . . . . . . . . Hauler 3 | . 1 . . . . . . . 1 . . . . . . . . . . . 1 Recycler 4 | 1 . . . . 1 . . . . . . . . 2 . . . . . . . Mechanic 3 | . . . . . 2 . . . . . . . . 1 . . . . . . . Operator 1 | . . . . . 1 . . . . . . . . . . . . . . . . Watcher 13 | . 2 . . . 3 1 . 1 1 . . . . 2 . . . . 2 1 . Swarmer 57 | . 6 . . 1 7 9 . 6 3 3 2 . 6 4 4 . . 5 . . 1 Cutter 3 | . . . . . . . . . . . . . . . 3 . . . . . . Grunt 76 | . 3 . . 8 11 10 . 4 . . 3 . . 2 13 . . 21 . 1 . Brawler 2 | . . . . . . 1 . . . . 1 . . . . . . . . . . Duelist 6 | . . . . . 1 1 . 3 . . . . . . . . . 1 . . . Sentry 40 | . . . . . 6 11 . 2 1 . 1 . 1 1 10 . . 5 2 . . Demolisher 1 | . . . . 1 . . . . . . . . . . . . . . . . . Hunter 24 | . . . . . 2 8 . 1 . . 1 . 1 2 6 . . 1 1 1 . Programmer 16 | . . . . . . . . . 1 . . . . 10 1 . . 3 . . 1 Behemoth 3 | . . . . . . . . . . . . . 1 . 1 . . 1 . . . Thief 1 | . . . . . . . . . . . 1 . . . . . . . . . . Best Kill Streak 8 | 2 5 . . 4 8 8 . 4 3 3 4 . 4 7 8 . . 7 2 1 3 Combat Bots Only 8 | . 5 . . 4 6 8 . 4 3 3 4 . 4 5 8 . . 7 2 1 1 Max Kills in Single Turn 4 | 1 3 . . 1 2 2 . 2 1 1 1 . 2 4 2 . . 2 1 1 1 Gunslinging 1 | . . . . . . . . . . . . . 1 . 1 . . . . . . Exploded 2 | . 2 . . . . 1 . . . . 1 . . 1 . . . . . . . Melee 1 | . . . . . . . . . . . . . . . . . . . . 1 1 Uniques/NPCs Destroyed . | . . . . . . . . . . . . . . . . . . . . . . Combat | -11 -10 -10 -10 -9 -8 -8 -7 -7 -6 -6 -6 -6 -5 -5 -5 -4 -3 -3 -2 -2 -1 -------- Run | Jun Mat Min Exi Min Mat Gar Fac Gar Fac Low Low Dat Pro Fac Gar Fac Res Gar Res Qua Acc Damage Taken 29486 | . 192 . . 854 1207 2734 34 1284 112 22 742 . 781 1458 5180 165 . 6487 688 964 6582 Core 4089 | . 50 . . 160 167 338 . 154 . . 229 . 144 271 583 . . 312 21 49 1611 Absorbed by Shields 476 | . . . . . . 12 . 8 . 18 298 . . . 140 . . . . . . Reduced by Siege Mode 1118 | . . . . . . . . . . . . . . . 256 . . 862 . . . Redirected to Shielding 58 | . . . . . . . . . . . . . . . . . . 33 . . 25 Regen/Repaired (Parts) 493 | . . . . . 29 . . . . . . . . 274 36 . . . . 154 . Core Remaining (%) 59 | 100 . . . 16 . 8 . 78 . . . . 56 . 14 100 . 76 . 88 . Volleys Fired 761 | 9 19 . . 28 90 114 9 43 8 1 21 . 28 60 141 . . 134 38 18 . Largest 3 | 2 2 . . 2 2 2 2 3 2 1 3 . 3 3 3 . . 3 2 2 . Hottest 360 | 90 80 . . 136 107 105 66 224 196 65 123 . 178 125 360 . . 225 150 150 . Shots Fired 1651 | 18 38 . . 56 180 204 11 88 20 5 63 . 76 109 309 . . 384 59 30 1 Gun 1209 | 18 38 . . 9 148 152 4 44 4 5 63 . 61 74 160 . . 354 44 30 1 Cannon 407 | . . . . 47 32 47 . 42 16 . . . 15 31 147 . . 30 . . . Launcher 5 | . . . . . . 5 . . . . . . . . . . . . . . . Special 30 | . . . . . . . 7 2 . . . . . 4 2 . . . 15 . . Kinetic 829 | . . . . . 141 156 4 21 . . 41 . 33 79 66 . . 288 . . . Thermal 541 | 9 . . . 47 39 27 . 65 20 5 22 . 43 . 223 . . 37 . 4 . Explosive 5 | . . . . . . 5 . . . . . . . . . . . . . . . Electromagnetic 246 | 9 38 . . 9 . 16 . . . . . . . 26 18 . . 59 44 26 1 Robot Hit Streak 33 | 8 4 . . 10 21 33 1 16 5 3 6 . 8 20 26 . . 32 10 6 . Robot Miss Streak 8 | 2 2 . . 3 5 5 3 8 3 2 4 . 8 5 3 . . 4 6 5 . Penetration Max 1 | . . . . . 1 1 . 1 . . 1 . . 1 . . . 1 . . . Secondary Targets 18 | . 1 . . . 1 2 . . . . 2 . 1 1 5 . . 5 . . . Max Gunslinging Chain 1 | . 1 . . . 1 1 . . . . 1 . 1 1 1 . . 1 . . . Capacitor 6 | . . . . . . . . . . . . . . . . . . . . 6 . Autonomous 50 | . . . . . . . . 34 4 4 8 . . . . . . . . . . Shots Hit Robots 1215 | 11 20 . 10 36 128 141 2 61 11 5 47 . 41 103 230 2 . 276 48 24 19 Core Hits 536 | 4 15 . . 15 76 60 . 32 9 4 21 . 16 67 88 . . 103 12 7 7 Critical Kills 7 | . . . . . 1 . . 1 . . . . . . 1 . . 4 . . . Critical Parts Destroyed 13 | . . . . . 1 1 . 1 . . . . . . 3 . . 7 . . . Critical Strikes 56 | . 1 . . 1 3 6 . 2 . . 2 . . 8 7 . . 13 7 3 3 Burn 3 | . . . . . 1 . . . . . 2 . . . . . . . . . . Meltdown 2 | . . . . . . . . 1 . . . . . . 1 . . . . . . Destroy 19 | . . . . . 2 1 . 1 . . . . . . 3 . . 12 . . . Blast 14 | . . . . . . 5 . . . . . . . 7 1 . . 1 . . . Corrupt 14 | . 1 . . 1 . . . . . . . . . 1 2 . . . 7 2 . Impale 4 | . . . . . . . . . . . . . . . . . . . . 1 3 Melee Attacks 137 | . . . 10 . . . . . . . 5 . . 11 4 3 . 11 8 24 61 Impact . | . . . . . . . . . . . . . . . . . . . . . . Slashing . | . . . . . . . . . . . . . . . . . . . . . . Piercing 80 | . . . . . . . . . . . 5 . . 2 . . . . . 12 61 Sneak Attacks 48 | . . . 9 . . . . . . . 2 . . 6 3 . . 7 5 12 4 Combat Hostiles 3 | . . . . . . . . . . . 2 . . . . . . . 1 . . Follow-up Attacks . | . . . . . . . . . . . . . . . . . . . . . . Damage Inflicted 32937 | 199 452 8 . 709 2535 4042 19 2233 425 134 1071 . 1164 2985 7352 . . 7270 809 471 1059 Guns 20486 | 152 292 . . 98 1978 2516 19 1172 196 134 1058 . 798 1183 3170 . . 6638 809 273 . Cannons 9904 | . . . . 611 557 730 . 1061 229 . . . 366 1536 4182 . . 632 . . . Explosions 1263 | 47 160 . . . . 796 . . . . . . . 260 . . . . . . . Melee 1276 | . . . . . . . . . . . 13 . . 6 . . . . . 198 1059 Ramming 8 | . . 8 . . . . . . . . . . . . . . . . . . . Kinetic 15510 | . . . . . 1985 2448 19 522 . . 558 . 361 2465 1292 . . 5860 . . . Thermal 12125 | 121 160 . . 611 550 411 . 1711 425 134 500 . 803 260 5786 . . 653 . . . Explosive 796 | . . . . . . 796 . . . . . . . . . . . . . . . Electromagnetic 3222 | 78 292 . . 98 . 387 . . . . . . . 254 274 . . 757 809 273 . Impact . | . . . . . . . . . . . . . . . . . . . . . . Slashing . | . . . . . . . . . . . . . . . . . . . . . . Piercing 1276 | . . . . . . . . . . . 13 . . 6 . . . . . 198 1059 Highest Corruption 23 | . . . . . . . . . . . . . . 3 1 . . 8 6 6 23 Average Corruption 3 | . . . . . . . . . . . . . . 1 1 . . 4 6 5 10 Corruption Purged 3 | . . . . . . . . . . . . . . 3 . . . . . . . Corruption Blocked 28 | . . . . . . . . . 8 . . . . . . . . . . 20 . Effects 68 | . . . . . . . . . . . . . . 1 13 . . 26 2 . 26 Message Errors 18 | . . . . . . . . . . . . . . 1 3 . . 8 1 . 5 Matter Fused 15 | . . . . . . . . . . . . . . . 4 . . 6 . . 5 Heat Flow Errors 4 | . . . . . . . . . . . . . . . . . . 3 . . 1 Energy Discharges 8 | . . . . . . . . . . . . . . . 1 . . 3 . . 4 Parts Rejected 3 | . . . . . . . . . . . . . . . . . . . . . 3 Data Loss (minor) 6 | . . . . . . . . . . . . . . . 1 . . 5 . . . Data Loss (major) 3 | . . . . . . . . . . . . . . . 1 . . 1 . . 1 Misfires 2 | . . . . . . . . . . . . . . . 1 . . . . . 1 Alerts 1 | . . . . . . . . . . . . . . . . . . . 1 . . Misdirections 6 | . . . . . . . . . . . . . . . . . . . . . 6 Weapon Failures 2 | . . . . . . . . . . . . . . . 2 . . . . . . Overload Shots . | . . . . . . . . . . . . . . . . . . . . . . Overflow Damage 416 | 22 . . . . . 60 . 31 6 . . . 4 59 77 . . 23 . 27 107 Projectiles 234 | . . . . . . 38 . 31 6 . . . 4 55 77 . . 23 . . . Explosions 48 | 22 . . . . . 22 . . . . . . . 4 . . . . . . . Melee 134 | . . . . . . . . . . . . . . . . . . . . 27 107 Knockbacks 33 | . . . . . 14 1 . . . . . . . 16 . . . 2 . . . Impact . | . . . . . . . . . . . . . . . . . . . . . . Kinetic 31 | . . . . . 13 1 . . . . . . . 15 . . . 2 . . . Secondary 2 | . . . . . 1 . . . . . . . . 1 . . . . . . . Self-Inflicted Damage 175 | . 20 . . . . 54 . . . . . . . 101 . . . . . . . Shots 6 | . 1 . . . . 4 . . . . . . . 1 . . . . . . . Rammed . | . . . . . . . . . . . . . . . . . . . . . . Targets Rammed 1 | . . 1 . . . . . . . . . . . . . . . . . . . Kicked 1 | . . 1 . . . . . . . . . . . . . . . . . . . Crushed . | . . . . . . . . . . . . . . . . . . . . . . Highest Temperature 588 | 210 186 . . 336 42 274 . 324 165 176 375 . 176 131 588 . . 348 338 2 329 Average Temperature 99 | 90 57 . . 133 9 62 . 96 62 100 140 . 71 43 195 . . 63 81 2 59 Received Heat Transfer 4753 | . 42 . . 366 483 723 . 198 12 . 147 . 9 120 1068 36 . 1321 54 30 144 Effects 25 | . . . . 1 . . . 1 . . 3 . . . 16 . . . . . 4 Shutdowns 10 | . . . . . . . . . . . . . . . 10 . . . . . . Energy Bleed 4 | . . . . . . . . 1 . . 1 . . . . . . . . . 2 Interference 4 | . . . . . . . . . . . 1 . . . 2 . . . . . 1 Matter Decay 3 | . . . . . . . . . . . . . . . 2 . . . . . 1 Short Circuit 1 | . . . . . . . . . . . . . . . 1 . . . . . . Damage (minor) 3 | . . . . 1 . . . . . . 1 . . . 1 . . . . . . Siege Activations 12 | . . . . . . . . . . . . . . . 5 . . 7 . . . Total Turns 430 | . . . . . . . . . . . . . . . 146 . . 284 . . . Longest Duration 108 | . . . . . . . . . . . . . . . 63 . . 108 . . . Robots Corrupted 5 | . . . . . . . . . . . . . . . 2 . . . 2 1 . Combat Hostiles 2 | . . . . . . . . . . . . . . . . . . . 1 1 . Parts Fried 29 | . 1 . . . . 1 . . . . . . . . 6 . . 7 11 3 . Impact Corruptions . | . . . . . . . . . . . . . . . . . . . . . . Robots Melted 2 | . . . . . . . . 1 . . . . . . 1 . . . . . . Combat Hostiles 1 | . . . . . . . . . . . . . . . 1 . . . . . . Parts Melted 29 | . . . . . 3 2 . 7 1 . 3 . 1 . 12 . . . . . . Heat Transferred 14798 | 272 200 . . 1073 1332 703 . 2033 525 137 779 . 1036 200 5735 . . 773 . . . Parts Sabotaged . | . . . . . . . . . . . . . . . . . . . . . . Parts Stolen 1 | . . . . . . . . . . . 1 . . . . . . . . . . Parts Stripped . | . . . . . . . . . . . . . . . . . . . . . . Power Chain Reactions 3 | 1 2 . . . . . . . . . . . . . . . . . . . . Missiles Intercepted . | . . . . . . . . . . . . . . . . . . . . . . Alert | -11 -10 -10 -10 -9 -8 -8 -7 -7 -6 -6 -6 -6 -5 -5 -5 -4 -3 -3 -2 -2 -1 ------- Run | Jun Mat Min Exi Min Mat Gar Fac Gar Fac Low Low Dat Pro Fac Gar Fac Res Gar Res Qua Acc Peak Influence 1842 | 15 144 36 . 205 539 1809 1057 996 607 . . . . 303 1797 972 405 1807 1842 1171 1298 Initial 1032 | . 9 31 . . . 262 949 517 522 . . . . 50 181 942 405 303 1016 1032 607 Average 621 | 4 40 26 . 72 286 947 910 769 435 . . . . 126 763 947 405 866 1551 1064 918 Maximum Alert Level 5 | . . . . 1 2 5 3 3 2 . . . . 1 5 3 2 5 5 4 4 Low Security (%) 22 | 100 100 100 . 78 29 . . . . . . . . 78 6 . . . . . . Level 1 17 | . . . . 21 41 13 . . 36 . . . . 21 33 . . 11 . . . Level 2 20 | . . . . . 28 30 . 49 63 . . . . . 8 . 100 34 . . 15 Level 3 23 | . . . . . . 18 100 50 . . . . . . 26 100 . 24 3 66 66 Level 4 10 | . . . . . . 19 . . . . . . . . 16 . . 23 45 33 17 Level 5 5 | . . . . . . 17 . . . . . . . . 9 . . 6 50 . . High Security . | . . . . . . . . . . . . . . . . . . . . . . Max Security . | . . . . . . . . . . . . . . . . . . . . . . Squads Dispatched 34 | . 3 . . . 3 . 3 . 4 . . . . 4 . 1 . . 6 3 7 Investigation 11 | . 2 . . . 1 . . . 2 . . . . 1 . . . . 2 2 1 Extermination 11 | . . . . . . . 2 . 2 . . . . 3 . . . . 1 1 2 Reinforcement 6 | . 1 . . . 1 . . . . . . . . . . . . . 1 . 3 Assault 4 | . . . . . . . . . . . . . . . . 1 . . 2 . 1 Garrison 2 | . . . . . 1 . 1 . . . . . . . . . . . . . . Intercept . | . . . . . . . . . . . . . . . . . . . . . . Searches Triggered 1 | . . . . . . . . . . . . . . . . . . . . . 1 Data Miner Redirects 3 | . . . . . . . . . . . . . . . . . . . 2 1 . Construction Impeded . | . . . . . . . . . . . . . . . . . . . . . . Haulers Reinforced . | . . . . . . . . . . . . . . . . . . . . . . Active Scanning Responses 2 | . . . . . . . . . . . . . . . 1 . . 1 . . . Cargo Convoy Interrupts 1 | . . . . . . . . . 1 . . . . . . . . . . . . Alert ID Control Effect 12 | . . . . . . . . . . . . . . . . . . 7 5 . . Stealth | -11 -10 -10 -10 -9 -8 -8 -7 -7 -6 -6 -6 -6 -5 -5 -5 -4 -3 -3 -2 -2 -1 --------- Run | Jun Mat Min Exi Min Mat Gar Fac Gar Fac Low Low Dat Pro Fac Gar Fac Res Gar Res Qua Acc Distress Signals 18 | . . . . . 3 . . . 1 . . . . 3 1 . . . 3 1 6 Communications Jammed . | . . . . . . . . . . . . . . . . . . . . . . Distress Signals . | . . . . . . . . . . . . . . . . . . . . . . Times Spotted 473 | . 13 . . 20 40 50 8 22 5 3 11 . 12 37 45 2 . 47 32 14 112 Peak Tracking Total 19 | . 3 . . 8 5 7 4 4 3 1 4 . 5 4 8 2 . 8 6 9 19 Tactical Retreats 42 | . . . . 1 . 9 . 1 . . . . . 3 1 . . . 1 1 25 Traps | -11 -10 -10 -10 -9 -8 -8 -7 -7 -6 -6 -6 -6 -5 -5 -5 -4 -3 -3 -2 -2 -1 ------- Run | Jun Mat Min Exi Min Mat Gar Fac Gar Fac Low Low Dat Pro Fac Gar Fac Res Gar Res Qua Acc Traps Triggered 17 | . 2 . . . . 5 . 4 . . . . . . 3 . . . 1 . 2 Indirectly . | . . . . . . . . . . . . . . . . . . . . . . Trap Hack Attempts 72 | . . . . . . . . . . . . . . . . . . 72 . . . Triggered . | . . . . . . . . . . . . . . . . . . . . . . Disarmed 9 | . . . . . . . . . . . . . . . . . . 3 . . 6 Reprogrammed . | . . . . . . . . . . . . . . . . . . . . . . Reused 3 | . . . . . . . . . . . . . . . . . . 3 . . . Traps Extracted . | . . . . . . . . . . . . . . . . . . . . . . Installed 4 | . . . . . . . . . . . . . . . . . . 4 . . . Triggered 8 | . . . . . . . . . 3 . 2 . . . . . . 3 . . . Most Traps Carried 1 | . . 1 1 1 1 . . . . . . . . . . . . 1 . . . Machines | -11 -10 -10 -10 -9 -8 -8 -7 -7 -6 -6 -6 -6 -5 -5 -5 -4 -3 -3 -2 -2 -1 ---------- Run | Jun Mat Min Exi Min Mat Gar Fac Gar Fac Low Low Dat Pro Fac Gar Fac Res Gar Res Qua Acc Machines Disabled 43 | . 1 . . 2 3 6 . 4 1 . 1 . . 5 8 . . 8 1 3 . Max in Single Turn 2 | . 1 . . 1 1 2 . 1 1 . 1 . . 2 2 . . 1 . 1 . Garrison Relay 14 | . . . . . . 4 . 1 . . . . . . 4 . . 5 . . . Phase Generator 2 | . . . . . . 1 . . . . . . . . 1 . . . . . . Machines Repaired . | . . . . . . . . . . . . . . . . . . . . . . Machines Sabotaged . | . . . . . . . . . . . . . . . . . . . . . . Overloaded Fab Kills . | . . . . . . . . . . . . . . . . . . . . . . Hacking | -11 -10 -10 -10 -9 -8 -8 -7 -7 -6 -6 -6 -6 -5 -5 -5 -4 -3 -3 -2 -2 -1 --------- Run | Jun Mat Min Exi Min Mat Gar Fac Gar Fac Low Low Dat Pro Fac Gar Fac Res Gar Res Qua Acc Machines Accessed 88 | . 9 1 . . 16 3 7 1 8 1 2 4 . 6 2 . 1 2 5 12 8 Terminals 52 | . 7 1 . . 10 3 3 1 3 . . . . 2 2 . . 2 3 9 6 Fabricators 2 | . . . . . . . 1 . 1 . . . . . . . . . . . . Repair Stations 9 | . 1 . . . 2 . 1 . 1 . . . . 2 . . . . 1 1 . Recycling Units 6 | . 1 . . . 2 . 1 . 1 . . . . 1 . . . . . . . Scanalyzers 6 | . . . . . 1 . . . 1 . . . . . . . . . 1 2 1 Garrison Access 6 | . . . . . 1 . 1 . 1 . . . . 1 . . 1 . . . 1 Total Hacks 224 | . 19 3 . . 54 5 12 3 27 1 2 22 . 15 2 . 1 3 11 26 18 Successful 124 | . 6 1 . . 31 2 4 1 15 1 2 22 . 7 2 . 1 1 4 14 10 Failed 100 | . 13 2 . . 23 3 8 2 12 . . . . 8 . . . 2 7 12 8 Catastrophic 19 | . 2 . . . 1 1 4 1 . . . . . 1 . . . . 3 3 3 Database Lockouts . | . . . . . . . . . . . . . . . . . . . . . . Manual 66 | . 16 3 . . 23 1 7 . 11 . . . . 1 . . . . 1 2 1 Terminals 120 | . 17 3 . . 29 5 6 3 10 . . . . 6 2 . . 3 7 14 15 Fabricators 5 | . . . . . . . 1 . 4 . . . . . . . . . . . . Repair Stations 25 | . 1 . . . 12 . 1 . 2 . . . . 6 . . . . 1 2 . Recycling Units 14 | . 1 . . . 6 . 3 . 2 . . . . 2 . . . . . . . Scanalyzers 24 | . . . . . 4 . . . 5 . . . . . . . . . 3 10 2 Garrison Access 11 | . . . . . 3 . 1 . 4 . . . . 1 . . 1 . . . 1 Terminal Hacks 66 | . 2 1 . . 11 2 . 1 2 1 2 22 . 3 2 . . 1 2 6 8 Record 17 | . . . . . . . . . 1 . 1 5 . 2 . . . . 1 4 3 Part Schematic 9 | . . . . . . . . . . . . 9 . . . . . . . . . Robot Schematic 6 | . . . . . 1 . . . . . . 5 . . . . . . . . . Robot Analysis 9 | . 2 1 . . 5 . . . 1 . . . . . . . . . . . . Prototype ID Bank 4 | . . . . . 1 . . . . . . 3 . . . . . . . . . Open Door 4 | . . . . . . . . . . 1 1 . . . . . . . 1 1 . Level Access Points 1 | . . . . . . . . . . . . . . . . . . . . 1 . Branch Access Points 1 | . . . . . . . . . . . . . . . . . . . . . 1 Emergency Access Points 4 | . . . . . . 1 . 1 . . . . . . 1 . . . . . 1 Terminal Index 2 | . . . . . . . . . . . . . . 1 . . . . . . 1 Unreport Threat 2 | . . . . . 1 . . . . . . . . . . . . . . . 1 Disarm Traps 1 | . . . . . . . . . . . . . . . . . . . . . 1 Dispatch Records 1 | . . . . . 1 . . . . . . . . . . . . . . . . Transport Status 1 | . . . . . 1 . . . . . . . . . . . . . . . . Zone Layout 1 | . . . . . 1 . . . . . . . . . . . . . . . . Garrison Registry 2 | . . . . . . . . . . . . . . . 1 . . 1 . . . Security Stations 1 | . . . . . . 1 . . . . . . . . . . . . . . . Fabricator Hacks 4 | . . . . . . . 1 . 3 . . . . . . . . . . . . Network Status 2 | . . . . . . . 1 . 1 . . . . . . . . . . . . Load Schematic 1 | . . . . . . . . . 1 . . . . . . . . . . . . Build 1 | . . . . . . . . . 1 . . . . . . . . . . . . Repair Station Hacks 14 | . . . . . 8 . . . 1 . . . . 3 . . . . . 2 . Scan Component 8 | . . . . . 4 . . . 1 . . . . 2 . . . . . 1 . Repair 5 | . . . . . 3 . . . . . . . . 1 . . . . . 1 . Refit 1 | . . . . . 1 . . . . . . . . . . . . . . . . Recycling Unit Hacks 4 | . . . . . 3 . . . 1 . . . . . . . . . . . . Process 1 | . . . . . 1 . . . . . . . . . . . . . . . . Report Inventory 2 | . . . . . 1 . . . 1 . . . . . . . . . . . . Retrieve Matter 1 | . . . . . 1 . . . . . . . . . . . . . . . . Scanalyzer 17 | . . . . . 3 . . . 4 . . . . . . . . . 2 6 2 Insert Component 8 | . . . . . 1 . . . 2 . . . . . . . . . 1 3 1 Analyze 9 | . . . . . 2 . . . 2 . . . . . . . . . 1 3 1 Garrison Access Hacks 4 | . . . . . 1 . 1 . . . . . . 1 . . 1 . . . . Unlock Access 4 | . . . . . 1 . 1 . . . . . . 1 . . 1 . . . . Unauthorized Hacks 15 | . 4 . . . 5 . 2 . 4 . . . . . . . . . . . . Terminals 6 | . 2 . . . 3 . . . 1 . . . . . . . . . . . . Assimilate 1 | . 1 . . . . . . . . . . . . . . . . . . . . Botnet 3 | . . . . . 2 . . . 1 . . . . . . . . . . . . Operators 2 | . 1 . . . 1 . . . . . . . . . . . . . . . . Fabricators . | . . . . . . . . . . . . . . . . . . . . . . Repair Stations 3 | . 1 . . . 1 . 1 . . . . . . . . . . . . . . Mechanics 3 | . 1 . . . 1 . 1 . . . . . . . . . . . . . . Recycling Units 3 | . 1 . . . 1 . 1 . . . . . . . . . . . . . . Recyclers 3 | . 1 . . . 1 . 1 . . . . . . . . . . . . . . Scanalyzers . | . . . . . . . . . . . . . . . . . . . . . . Garrison Access 3 | . . . . . . . . . 3 . . . . . . . . . . . . Broadcast 1 | . . . . . . . . . 1 . . . . . . . . . . . . Decoy 1 | . . . . . . . . . 1 . . . . . . . . . . . . Watchers 1 | . . . . . . . . . 1 . . . . . . . . . . . . Data Cores Recovered 2 | . . . . . 1 . . . . . . . . . . . . . . 1 . Used . | . . . . . . . . . . . . . . . . . . . . . . Hacking Detections 66 | . 7 1 . . 14 2 6 1 7 . . . . 5 . . 1 2 4 8 8 Full Trace Events 9 | . 1 . . . 1 1 . 1 2 . . . . 1 . . . . 1 . 1 Feedback Events . | . . . . . . . . . . . . . . . . . . . . . . Feedback Blocked . | . . . . . . . . . . . . . . . . . . . . . . Robot Schematics Acquired 8 | . . . . . 1 . . . . . . 5 . . . . . . . 2 . Robots Built 1 | . . . . . . . . . 1 . . . . . . . . . . . . Authchips 1 | . . . . . . . . . 1 . . . . . . . . . . . . Time 40 | . . . . . . . . . 40 . . . . . . . . . . . . Total Robot Build Rating 1 | . . . . . . . . . 1 . . . . . . . . . . . . Part Schematics Acquired 18 | . . . . . 1 . . . 2 . . 9 . . . . . . 1 4 1 Parts Built . | . . . . . . . . . . . . . . . . . . . . . . Authchips . | . . . . . . . . . . . . . . . . . . . . . . Time . | . . . . . . . . . . . . . . . . . . . . . . Total Part Build Rating . | . . . . . . . . . . . . . . . . . . . . . . Parts Repaired 5 | . . . . . 3 . . . . . . . . 1 . . . . . 1 . Time 414 | . . . . . 352 . . . . . . . . 25 . . . . . 37 . Parts Recycled . | . . . . . . . . . . . . . . . . . . . . . . Recycled Matter 171 | . . . . . 171 . . . . . . . . . . . . . . . . Retrieved Matter 309 | . . . . . 309 . . . . . . . . . . . . . . . . Retrieved Components . | . . . . . . . . . . . . . . . . . . . . . . Parts Scanalyzed 8 | . . . . . 1 . . . 2 . . . . . . . . . 1 3 1 Part Schematics Acquired 7 | . . . . . 1 . . . 2 . . . . . . . . . 1 2 1 Parts Damaged 2 | . . . . . 1 . . . . . . . . . . . . . . 1 . Bothacking | -11 -10 -10 -10 -9 -8 -8 -7 -7 -6 -6 -6 -6 -5 -5 -5 -4 -3 -3 -2 -2 -1 ------------ Run | Jun Mat Min Exi Min Mat Gar Fac Gar Fac Low Low Dat Pro Fac Gar Fac Res Gar Res Qua Acc Used RIF Installer 6 | . . . . . . 2 . 1 . . . . . . 2 . . 1 . . . Code Merge 1 | . . . . . . . . . . . . . . . 1 . . . . . . Zone Cloak 1 | . . . . . . . . . . . . . . . . . . 1 . . . Alert ID Control 1 | . . . . . . . . . . . . . . . 1 . . . . . . Structural Interface 1 | . . . . . . 1 . . . . . . . . . . . . . . . Program Shield 1 | . . . . . . . . 1 . . . . . . . . . . . . . Robots Hacked 48 | . . . 7 . . . 1 2 . . . . . 9 4 2 . 3 17 3 . Non-combat 14 | . . . 3 . . . 1 . . . . . . 3 1 . . . 4 2 . Combat 34 | . . . 4 . . . . 2 . . . . . 6 3 2 . 3 13 1 . Robot Hacks Applied 61 | . . . 8 . . . 1 2 . . . . . 11 6 2 . 3 19 9 . parse_system 21 | . . . 8 . . . . . . . . . . 1 . . . 1 3 8 . no_distress 1 | . . . . . . . . . . . . . . 1 . . . . . . . ignore_repairs 1 | . . . . . . . 1 . . . . . . . . . . . . . . find_fabricator 1 | . . . . . . . . . . . . . . . . . . . 1 . . drop_inventory 1 | . . . . . . . . . . . . . . . . . . . 1 . . ignore_parts 1 | . . . . . . . . . . . . . . 1 . . . . . . . find_station 1 | . . . . . . . . . . . . . . 1 . . . . . . . purge_threat 2 | . . . . . . . . . . . . . . . 2 . . . . . . map_route 3 | . . . . . . . . . . . . . . 1 . . . . 2 . . find_scanalyzer 1 | . . . . . . . . . . . . . . . . . . . . 1 . go_dormant 1 | . . . . . . . . . . . . . . 1 . . . . . . . overwrite_iff 2 | . . . . . . . . . . . . . . . 1 . . . 1 . . formatsys_low 2 | . . . . . . . . . . . . . . 1 1 . . . . . . formatsys_high 23 | . . . . . . . . 2 . . . . . 4 2 2 . 2 11 . . Relay Couplers Released 57 | . . . . . . 16 . 5 . . . . . . 16 . . 20 . . . Machine Destruction 57 | . . . . . . 16 . 5 . . . . . . 16 . . 20 . . . Attached 14 | . . . . . . . . 1 . . . . . 4 4 . . 4 1 . . Merged Code Value 259 | . . . . . . . . . . . . . . . 71 . . 180 8 . . Fabnet Peak Effective % . | . . . . . . . . . . . . . . . . . . . . . . Robots Rewired 15 | . . . . . . 4 . . . . . . . . 4 . . 5 1 1 . Allies Hacked 3 | . . . . . . . . . . . . . . 3 . . . . . . . Hacks Repelled . | . . . . . . . . . . . . . . . . . . . . . . Allies | -11 -10 -10 -10 -9 -8 -8 -7 -7 -6 -6 -6 -6 -5 -5 -5 -4 -3 -3 -2 -2 -1 -------- Run | Jun Mat Min Exi Min Mat Gar Fac Gar Fac Low Low Dat Pro Fac Gar Fac Res Gar Res Qua Acc Total Allies 81 | . 1 2 . 3 . 6 . 2 1 . 1 . 1 5 8 2 . 7 13 1 28 Largest Group 12 | . 1 3 3 3 3 5 5 2 1 1 2 1 2 3 4 6 6 6 10 6 12 Highest-Rated Group 667 | . 10 48 48 40 40 109 109 43 10 10 41 9 105 81 159 257 257 389 667 313 171 Highest-Rated Ally 178 | . 10 31 31 16 16 25 25 22 10 10 32 9 96 41 49 49 49 99 178 69 15 Total Orders 37 | . . . . . . . . . . 2 2 2 2 17 3 5 . 2 . 2 . STAY 16 | . . . . . . . . . . 1 1 1 1 5 2 3 . 2 . . . FOLLOW 14 | . . . . . . . . . . 1 1 1 1 7 . 2 . . . 1 . AID 7 | . . . . . . . . . . . . . . 5 1 . . . . 1 . Ally Attacks 427 | . . . . 2 22 7 29 7 . . . . 11 16 5 2 . 54 139 32 101 Total Damage 10369 | . . . . 11 191 109 540 133 . . . . 353 257 180 81 . 1703 3916 646 2249 Kills 61 | . . . . . . . 5 1 . . . . 2 1 2 . . 10 25 3 12 Allies Corrupted 4 | . . . . . . . . . . . . . . 1 . . . . . 1 2 Allies Melted 1 | . . . . . 1 . . . . . . . . . . . . . . . . Intel | -11 -10 -10 -10 -9 -8 -8 -7 -7 -6 -6 -6 -6 -5 -5 -5 -4 -3 -3 -2 -2 -1 ------- Run | Jun Mat Min Exi Min Mat Gar Fac Gar Fac Low Low Dat Pro Fac Gar Fac Res Gar Res Qua Acc Robot Analysis Total 9 | . 2 1 . . 5 . . . 1 . . . . . . . . . . . . Derelict Logs Recovered 9 | . . 1 . 2 . . . . . 3 3 . . . . . . . . . . Drone Launches . | . . . . . . . . . . . . . . . . . . . . . . Drone Recoveries . | . . . . . . . . . . . . . . . . . . . . . . Exploration | -11 -10 -10 -10 -9 -8 -8 -7 -7 -6 -6 -6 -6 -5 -5 -5 -4 -3 -3 -2 -2 -1 ------------- Run | Jun Mat Min Exi Min Mat Gar Fac Gar Fac Low Low Dat Pro Fac Gar Fac Res Gar Res Qua Acc Turns Passed 22842 | 133 1042 513 359 962 2367 2187 1014 1188 1253 906 741 78 638 1644 2804 407 20 2573 536 517 960 Spaces Moved 15101 | 68 642 420 285 458 1164 1072 617 629 915 888 623 78 491 862 1294 234 13 1395 636 460 1857 Core 111 | 21 . . . 31 25 2 . . . . . . . . . . . . . . 32 Treads 2224 | . . . . . . . . . . . . . . . 1132 234 13 845 . . . Legs 5734 | 47 642 420 285 427 1057 1070 617 629 256 . . . . 284 . . . . . . . Wheels . | . . . . . . . . . . . . . . . . . . . . . . Hover 6307 | . . . . . 82 . . . 659 888 623 78 491 578 162 . . 550 636 460 1100 Flight 725 | . . . . . . . . . . . . . . . . . . . . . 725 Fastest Speed 28 | 50 120 120 120 50 50 100 120 130 48 98 98 98 98 48 48 160 160 41 41 49 28 Average Speed 109 | 133 120 120 120 179 102 151 146 147 106 98 98 98 106 107 156 160 160 118 52 58 38 Slowest Speed 436 | 250 120 120 120 260 240 260 190 270 127 98 98 98 156 330 240 160 160 436 126 126 131 Overloaded Moves . | . . . . . . . . . . . . . . . . . . . . . . Propulsion Burnouts . | . . . . . . . . . . . . . . . . . . . . . . Robots Hopped 16 | . . . . . . . . . . . . . . . . . . . . . 16 Cave-ins Triggered . | . . . . . . . . . . . . . . . . . . . . . . Teleports 1 | . . . . . . . . . . . . . . . . . . . . 1 . Exploration Rate (%) 58 | 4 91 92 71 85 82 93 17 75 26 85 65 68 70 17 86 4 . 86 12 55 48 Regions Visited 21 Branch Regions 8 Pre-discovered Areas 5 | . . . . 1 . . . . . . 3 1 . . . . . . . . . Known Exits Taken 15 | . 1 1 1 . 1 . 1 . 1 1 1 1 1 1 . 1 1 . 1 1 . Unknown Exits Taken 2 | 1 . . . 1 . . . . . . . . . . . . . . . . . Scrap Searched 11 | . . 1 . 1 . . . . . 5 2 . 2 . . . . . . . . Spaces Dug 36 | . . . . . . . . . . . . . . 3 . . . . . 2 31 Terrain Destroyed 327 | 2 6 . . . 1 93 1 2 8 1 1 . 4 39 88 . . 48 . 2 31 Melee 33 | . . . . . . . . . . . . . . . . . . . . 2 31 Projectile 117 | . . . . . 1 10 1 2 8 1 1 . 4 24 20 . . 45 . . . AOE 174 | 2 6 . . . . 83 . . . . . . . 15 68 . . . . . . Terrain Rammed . | . . . . . . . . . . . . . . . . . . . . . . Walls Destroyed . | . . . . . . . . . . . . . . . . . . . . . . Machines Disabled . | . . . . . . . . . . . . . . . . . . . . . . Actions | -11 -10 -10 -10 -9 -8 -8 -7 -7 -6 -6 -6 -6 -5 -5 -5 -4 -3 -3 -2 -2 -1 --------- Run | Jun Mat Min Exi Min Mat Gar Fac Gar Fac Low Low Dat Pro Fac Gar Fac Res Gar Res Qua Acc Total 19987 | 92 879 429 297 540 2173 1436 723 833 1191 926 713 79 545 1503 1827 268 12 2041 803 676 2001 Wait 2531 | . 185 8 . 15 808 95 59 77 195 10 36 2 14 425 164 21 . 240 54 99 24 Move 15045 | 67 641 419 284 457 1163 1070 616 627 914 887 622 77 490 861 1292 233 12 1393 635 459 1826 Hop 15 | . . . . . . . . . . . . . . . . . . . . . 15 Pick Up 516 | 9 17 1 1 11 50 42 14 25 29 10 14 . 6 54 71 4 . 75 25 30 28 Fast Attach . | . . . . . . . . . . . . . . . . . . . . . . Attach 292 | 7 3 . . 3 20 31 4 17 11 5 12 . 4 24 47 1 . 45 11 13 34 Detach 14 | . 2 . . . 3 2 . . . . . . . 1 2 . . 3 . . 1 Swap 148 | . 3 . 1 15 12 24 9 3 8 2 . . . 19 22 2 . 13 5 9 1 Drop 326 | . 9 . 1 11 27 18 12 19 26 10 3 . 3 43 44 2 . 45 18 24 11 Fire 761 | 9 19 . . 28 90 114 9 43 8 1 21 . 28 60 141 . . 134 38 18 . Melee 137 | . . . 10 . . . . . . . 5 . . 11 4 3 . 11 8 24 61 Ram . | . . . . . . . . . . . . . . . . . . . . . . Kick 1 | . . 1 . . . . . . . . . . . . . . . . . . . Crush . | . . . . . . . . . . . . . . . . . . . . . . Escape Stasis 50 | . . . . . . 20 . 20 . . . . . . 10 . . . . . . Rewire 75 | . . . . . . 20 . 2 . 1 . . . 5 30 2 . 6 9 . . Trap 76 | . . . . . . . . . . . . . . . . . . 76 . . . Miscellaneous . | . . . . . . . . . . . . . . . . . . . . . . Route ------- -11/Junkyard -10/Materials (discovered 4 exits: *Mat x2 / *Min x2) -10/Mines (discovered 3 exits: *Mat x2 / *Exi) -10/Exiles -9/Mines (discovered 2 exits: *Mat x2) -8/Materials (discovered 3 exits: *Fac x2 / Gar) -8/Garrison (discovered 3 exits: *Fac x3) -7/Factory (discovered 3 exits: *Fac x2 / Gar) -7/Garrison (discovered 3 exits: *Fac x3) -6/Factory (discovered 3 exits: *Fac x2 / *Low) -6/Lower Caves -6/Lower Caves (discovered 2 exits: *Fac / *Dat) -6/Data Miner -5/Proximity Caves -5/Factory (discovered 2 exits: Fac / Gar) -5/Garrison (discovered 3 exits: *Fac x3) -4/Factory -3/Research -3/Garrison (discovered 3 exits: *Res x3) -2/Research -2/Quarantine -1/Access (discovered 1 exit: Com) History --------- Turn | Location | Event 21 | -11/Junkyard | Discovered new exit (range 15) 134 | -11/Junkyard | Entered Materials 234 | -10/Materials | Discovered new exit (range 15) 255 | -10/Materials | Identified exit to Materials 314 | -10/Materials | Build established: Mutant 414 | -10/Materials | Discovered new exit (range 15) 442 | -10/Materials | Identified exit to Mines 859 | -10/Materials | Discovered exit to Mines (range 6) 1043 | -10/Materials | Discovered exit to Materials (range 7) 1176 | -10/Materials | Entered Mines 1176 | -10/Mines | Accompanied by 1 ally 1272 | -10/Mines | Discovered exit to Materials (range 12) 1384 | -10/Mines | Found a hidden stash of uninstalled traps 1603 | -10/Mines | Discovered exit to Materials (range 13) 1674 | -10/Mines | Deemed a non-threat by the Exiles lab entrance 1675 | -10/Mines | Discovered new exit (range 5) 1684 | -10/Mines | Identified exit to Exiles 1689 | -10/Mines | Entered Exiles 1689 | -10/Exiles | Accompanied by 3 allies 1719 | -10/Exiles | Led the pair of lost Derelicts to a safe place 1723 | -10/Exiles | Met 8R-AWN 1744 | -10/Exiles | Met EX-HEX 1822 | -10/Exiles | Met EX-BIN 1864 | -10/Exiles | Met EX-DEC 1912 | -10/Exiles | Visited The Gauntlet 2039 | -10/Exiles | Discovered new exit (range 10) 2047 | -10/Exiles | Identified exit to Mines 2048 | -10/Exiles | Entered Mines 2048 | -9/Mines | Accompanied by 1 ally 2075 | -9/Mines | Met a Derelict bent on vengeance 2224 | -9/Mines | Core integrity fell below 50% 2234 | -9/Mines | Discovered new exit (range 6) 2606 | -9/Mines | Learned location of Zion (-7) 2710 | -9/Mines | Found a damaged Exp. Sensor Array with a note attached 2721 | -9/Mines | Found Prototype Device 2722 | -9/Mines | Identified Exp. Sensor Array 2745 | -9/Mines | Build established: Scavenger-Mutant 2813 | -9/Mines | Discovered new exit (range 15) 2947 | -9/Mines | Assembled infested the area 2952 | -9/Mines | Assisted by a Guerilla fighting off Assembled 2996 | -9/Mines | Core integrity fell below 20% 3008 | -9/Mines | Assisted by bots powering up and referring to "LRC-V3" 3010 | -9/Mines | Entered Materials 3010 | -8/Materials | Accompanied by 3 allies 3010 | -8/Materials | Evolved 4 slots: Propulsion x1, Utility x3 3011 | -8/Materials | Identified exit to Factory 3025 | -8/Materials | Lost 5 parts (1p2n2w) 3136 | -8/Materials | Repaired Exp. Sensor Array 3241 | -8/Materials | Build established: Mutant 3325 | -8/Materials | Repaired Broken Exp. Sensor Array 3447 | -8/Materials | Repaired Exp. Sensor Array 3695 | -8/Materials | Build established: Scavenger-Mutant 3831 | -8/Materials | Lost 3 parts (1p1n1w) 4294 | -8/Materials | Build established: Skirmisher 5111 | -8/Materials | Garrison activated, responded to threat 5251 | -8/Materials | Discovered exit to Factory (range 16) 5376 | -8/Materials | Identified exit to Garrison 5377 | -8/Materials | Entered Garrison 5418 | -8/Garrison | Build established: Mutant 5541 | -8/Garrison | Destroyed 8 combat bots 5546 | -8/Garrison | Lost 7 parts (3n2u2w) 5660 | -8/Garrison | Triggered checkpoint 5674 | -8/Garrison | Core integrity fell below 50% 5738 | -8/Garrison | Triggered checkpoint 5832 | -8/Garrison | Build established: Scavenger-Mutant 6006 | -8/Garrison | Discovered exit to Factory (range 8) 6160 | -8/Garrison | Lost 6 parts (1p2n1u2w) 6340 | -8/Garrison | Triggered checkpoint 6341 | -8/Garrison | Garrison Relay disabled 6406 | -8/Garrison | Build established: Mutant 6464 | -8/Garrison | Triggered checkpoint 6574 | -8/Garrison | Discovered exit to Factory (range 10) 6616 | -8/Garrison | Triggered checkpoint 6646 | -8/Garrison | Garrison Relay disabled 6784 | -8/Garrison | Triggered checkpoint 6802 | -8/Garrison | Garrison Relay disabled 6820 | -8/Garrison | Phase Generator disabled 6911 | -8/Garrison | Discovered exit to Factory (range 11) 6944 | -8/Garrison | Triggered checkpoint 6966 | -8/Garrison | Rescued a captive Derelict 6970 | -8/Garrison | Rescued a captive Derelict 6990 | -8/Garrison | Core integrity fell below 20% 7032 | -8/Garrison | Triggered checkpoint 7036 | -8/Garrison | Lost 8 parts (1p3n2u2w) 7091 | -8/Garrison | Garrison Relay disabled 7206 | -8/Garrison | Installed Relay Interface Framework 7292 | -8/Garrison | Triggered checkpoint 7320 | -8/Garrison | Expanded RIF knowledge: Structural Interface 7380 | -8/Garrison | Build established: Scavenger-Mutant 7449 | -8/Garrison | Learned Factory security intel 7564 | -8/Garrison | Entered Factory 7564 | -7/Factory | Accompanied by 5 allies 7564 | -7/Factory | Evolved 2 slots: Utility x1, Weapon x1 8392 | -7/Factory | Discovered new exit (range 12) 8409 | -7/Factory | Identified exit to Factory 8527 | -7/Factory | Discovered exit to Factory (range 10) 8533 | -7/Factory | Build established: Commander-Mutant 8553 | -7/Factory | Identified exit to Garrison 8566 | -7/Factory | Garrison activated, responded to threat 8578 | -7/Factory | Entered Garrison 8578 | -7/Garrison | Accompanied by 2 allies 8658 | -7/Garrison | Triggered checkpoint 8860 | -7/Garrison | Build established: Mutant 8908 | -7/Garrison | Triggered checkpoint 9070 | -7/Garrison | Discovered exit to Factory (range 14) 9270 | -7/Garrison | Triggered checkpoint 9295 | -7/Garrison | Triggered checkpoint 9316 | -7/Garrison | Expanded RIF knowledge: Program Shield 9495 | -7/Garrison | Garrison Relay disabled 9548 | -7/Garrison | Discovered exit to Factory (range 10) 9586 | -7/Garrison | Build established: Gunner 9709 | -7/Garrison | Discovered exit to Factory (range 10) 9766 | -7/Garrison | Entered Factory 9766 | -6/Factory | Evolved 2 slots: Power x1, Propulsion x1 10161 | -6/Factory | Build established: Mutant 10240 | -6/Factory | Discovered new exit (range 15) 10262 | -6/Factory | Identified exit to Factory 10463 | -6/Factory | Discovered exit to Factory (range 16) 10479 | -6/Factory | Build established: Skirmisher 10695 | -6/Factory | Fabricated O-16 Technician (x1) 10942 | -6/Factory | Cargo convoy interrupted 10988 | -6/Factory | Discovered new exit (range 8) 11001 | -6/Factory | Identified exit to Lower Caves 11018 | -6/Factory | Build established: Hacker-Skirmisher 11019 | -6/Factory | Entered Lower Caves 11019 | -6/Lower Caves | Accompanied by 1 ally 11030 | -6/Lower Caves | Encountered a Warlord checkpoint 11046 | -6/Lower Caves | Identified exit to Lower Caves 11054 | -6/Lower Caves | Learned Factory garrison access intel 11287 | -6/Lower Caves | Learned location of 1 exit from Factory 11330 | -6/Lower Caves | Build established: Skirmisher 11610 | -6/Lower Caves | Spotted B-75 Beast 11925 | -6/Lower Caves | Entered another Lower Caves area 11925 | -6/Lower Caves | Accompanied by 1 ally 11943 | -6/Lower Caves | Discovered exit to Factory (range 12) 12250 | -6/Lower Caves | Attracted the attention of an 0b10 checkpoint 12340 | -6/Lower Caves | Lost 5 parts (1p1n2u1w) 12498 | -6/Lower Caves | Lost 3 parts (1p1n1u) 12559 | -6/Lower Caves | Discovered new exit (range 16) 12601 | -6/Lower Caves | Encountered a Warlord checkpoint 12665 | -6/Lower Caves | Identified exit to Data Miner 12666 | -6/Lower Caves | Entered Data Miner 12666 | -6/Data Miner | Accompanied by 1 ally 12666 | -6/Data Miner | Discovered new exit (range 6) 12685 | -6/Data Miner | Met Data Miner 12710 | -6/Data Miner | Acquired the access code to Warlord's prototype stash 12710 | -6/Data Miner | Learned location of Section 7 (-2) 12718 | -6/Data Miner | Received God Mode back door access code from Data Miner 12741 | -6/Data Miner | Identified exit to Proximity Caves 12744 | -6/Data Miner | Entered Proximity Caves 12744 | -5/Proximity Caves | Accompanied by 1 ally 12813 | -5/Proximity Caves | Escorted by Enhanced Grunt 13020 | -5/Proximity Caves | Spotted B-75 Beast 13065 | -5/Proximity Caves | Destroyed B-75 Beast 13069 | -5/Proximity Caves | Build established: Derelict-Gunner 13113 | -5/Proximity Caves | Attracted the attention of an 0b10 checkpoint 13291 | -5/Proximity Caves | Lost 3 parts (2n1u) 13370 | -5/Proximity Caves | Discovered exit to Factory (range 7) 13382 | -5/Proximity Caves | Entered Factory 13382 | -5/Factory | Accompanied by 1 ally 13382 | -5/Factory | Evolved 2 slots: Utility x2 13383 | -5/Factory | Identified exit to Factory 13384 | -5/Factory | Loaded intel: 4 garrison access locations 13632 | -5/Factory | Repaired Lyr. Medium Armor Plating 14022 | -5/Factory | Build established: Scavenger-Gunner 14709 | -5/Factory | Build established: Scavenger-Skirmisher 14711 | -5/Factory | P-70 Sage assimilated allied Slayer 6a 14949 | -5/Factory | Spotted B-75 Beast 15014 | -5/Factory | Lost 3 parts (1p1n1w) 15017 | -5/Factory | Identified exit to Garrison 15026 | -5/Factory | Entered Garrison 15026 | -5/Garrison | Accompanied by 1 ally 15167 | -5/Garrison | Spotted B-75 Beast 15201 | -5/Garrison | Build established: Scavenger-Mutant 15207 | -5/Garrison | Destroyed B-75 Beast 15237 | -5/Garrison | Lost 5 parts (1p3n1w) 15244 | -5/Garrison | Core integrity fell below 50% 15273 | -5/Garrison | Destroyed 8 combat bots 15278 | -5/Garrison | Lost 6 parts (2n1u3w) 15537 | -5/Garrison | Build established: Scavenger-Gunner 16071 | -5/Garrison | Expanded RIF knowledge: Code Merge 16101 | -5/Garrison | Discovered exit to Factory (range 14) 16141 | -5/Garrison | Phase Generator disabled 16249 | -5/Garrison | Found Prototype Device 16257 | -5/Garrison | Identified Active Sensor Suite 16358 | -5/Garrison | Triggered checkpoint 16416 | -5/Garrison | Triggered checkpoint 16438 | -5/Garrison | Discovered exit to Factory (range 84) 16438 | -5/Garrison | Discovered exit to Factory (range 35) 16438 | -5/Garrison | Discovered exit to Factory (range 11) 16495 | -5/Garrison | Garrison Relay disabled 16774 | -5/Garrison | Triggered checkpoint 16888 | -5/Garrison | Destroyed 8 combat bots 16898 | -5/Garrison | Core integrity fell below 20% 16958 | -5/Garrison | Lost 11 parts (2p2n4u3w) 17241 | -5/Garrison | Build established: Scavenger-Skirmisher 17348 | -5/Garrison | Garrison Relay disabled 17446 | -5/Garrison | Garrison Relay disabled 17483 | -5/Garrison | Expanded RIF knowledge: Alert ID Control 17648 | -5/Garrison | Garrison Relay disabled 17830 | -5/Garrison | Entered Factory 17830 | -4/Factory | Accompanied by 4 allies 17830 | -4/Factory | Evolved 2 slots: Propulsion x2 18080 | -4/Factory | First assault squad dispatched 18169 | -4/Factory | Discovered new exit (range 3) 18172 | -4/Factory | Identified exit to Research 18237 | -4/Factory | Entered Research 18237 | -3/Research | Accompanied by 6 allies 18237 | -3/Research | Evolved 2 slots: Power x1, Utility x1 18255 | -3/Research | Identified exit to Garrison 18257 | -3/Research | Entered Garrison 18257 | -3/Garrison | Accompanied by 6 allies 18354 | -3/Garrison | Build established: Commander-Assassin 18355 | -3/Garrison | Discovered new exit (range 74) 18355 | -3/Garrison | Discovered new exit (range 60) 18355 | -3/Garrison | Discovered new exit (range 60) 18389 | -3/Garrison | Expanded RIF knowledge: Zone Cloak 18422 | -3/Garrison | Triggered checkpoint 18449 | -3/Garrison | Garrison Relay disabled 18915 | -3/Garrison | Build established: Bothacker-Skirmisher 19241 | -3/Garrison | Spotted B-86 Titan 19269 | -3/Garrison | Destroyed B-86 Titan 19508 | -3/Garrison | Build established: Bothacker-Gunner 19732 | -3/Garrison | Lost 7 parts (3n1u3w) 19834 | -3/Garrison | Destroyed 7 combat bots 19993 | -3/Garrison | Lost 3 parts (1n1u1w) 20065 | -3/Garrison | Found Adv. Powered Armor 20068 | -3/Garrison | Found Adv. Powered Armor 20336 | -3/Garrison | Build established: Scavenger-Tank 20416 | -3/Garrison | Found Adv. Powered Armor 20418 | -3/Garrison | Found Adv. Powered Armor 20444 | -3/Garrison | Rewired Striker 20446 | -3/Garrison | Rewired Striker 20558 | -3/Garrison | Garrison Relay disabled 20626 | -3/Garrison | Garrison Relay disabled 20669 | -3/Garrison | Garrison Relay disabled 20830 | -3/Garrison | Entered Research 20830 | -2/Research | Accompanied by 6 allies 20830 | -2/Research | Evolved 2 slots: Utility x2 20871 | -2/Research | Allies destroyed Striker 20895 | -2/Research | Spotted B-90 Cyclops 20897 | -2/Research | Build established: Botlord-Mutant 20912 | -2/Research | Assimilated Cyclops 9a with formatsys_high 20914 | -2/Research | Found Exp. Target Analyzer 21183 | -2/Research | Found Exp. Target Analyzer 21330 | -2/Research | First assault squad dispatched 21337 | -2/Research | Discovered new exit (range 8) 21340 | -2/Research | Identified exit to Quarantine 21348 | -2/Research | Incoming assault squad redirected 21351 | -2/Research | Incoming assault squad redirected 21366 | -2/Research | Entered Quarantine 21366 | -2/Quarantine | Accompanied by 6 allies 21371 | -2/Quarantine | Found Alien Artifact 21372 | -2/Quarantine | Identified Core Reset Matrix 21372 | -2/Quarantine | Used Core Reset Matrix 21376 | -2/Quarantine | Detected hypermatrix surge 21376 | -2/Quarantine | Sensed 12 artifacts in vicinity 21391 | -2/Quarantine | Found Transdimensional Reconstructor 21402 | -2/Quarantine | Warped through subspace 21423 | -2/Quarantine | Build established: Scavenger-Mutant 21482 | -2/Quarantine | Incoming investigation squad redirected 21546 | -2/Quarantine | Found Dimensional Node Initializer 21550 | -2/Quarantine | Found Dimensional Node Initializer 21612 | -2/Quarantine | Identified exit to Access 21671 | -2/Quarantine | Repaired Cmb. Linear Gravjet 21720 | -2/Quarantine | Found Unknown Device 21722 | -2/Quarantine | Identified Quantum Capacitor 21776 | -2/Quarantine | Found Gamma Bomb Array 21780 | -2/Quarantine | Met incapacitated Sigix Warrior 21780 | -2/Quarantine | Lockdown squad dispatched 21782 | -2/Quarantine | Acquired the access code to the Sigix quarantine chamber 21783 | -2/Quarantine | Unlocked Sigix quarantine chamber 21845 | -2/Quarantine | Found Subatomic Replicator 21848 | -2/Quarantine | Spotted Lightning 21849 | -2/Quarantine | Spotted Lightning 21850 | -2/Quarantine | Spotted Lightning 21876 | -2/Quarantine | Found Terrabomb 21883 | -2/Quarantine | Entered Access 21883 | -1/Access | Evolved 2 slots: Propulsion x2 21896 | -1/Access | Lost 3 parts (2u1w) 22009 | -1/Access | Spotted B-99 Colossus 22105 | -1/Access | Identified exit to Command 22108 | -1/Access | Spotted B-99 Colossus 22173 | -1/Access | First assault squad dispatched 22286 | -1/Access | Lost 4 parts (1n2u1w) 22293 | -1/Access | Used Subatomic Replicator to replicate Adv. Heat Sink 22441 | -1/Access | Initialized slip node 22509 | -1/Access | Initialized slip node 22537 | -1/Access | System corruption reached 10% 22544 | -1/Access | Core integrity fell below 50% 22582 | -1/Access | Lost 26 parts (3p11n9u3w) 22640 | -1/Access | Spotted B-99 Colossus 22674 | -1/Access | Search patrols dispatched 22676 | -1/Access | Emitted hypermatrix ping 22681 | -1/Access | Assembled emerged from beneath the floor 22694 | -1/Access | Assembled emerged from beneath the floor 22757 | -1/Access | Core integrity fell below 20% 22773 | -1/Access | Lost 3 parts (3n) 22776 | -1/Access | Assembled emerged from beneath the floor 22822 | -1/Access | Assembled emerged from beneath the floor 22843 | -1/Access | Destroyed by G-73 Enforcer with Heavy Laser Last Messages --------------- 22814_ Slug penetrates Wall. 22814_ Antigrav System destroyed. 22814_ Slug penetrates Wall. 22818_ Penetrated by Slug. 22818_ Slug penetrates Wall. 22820_ Detected hypermatrix ping. 22821_ K-01 Serf cleans the Wave Collapse Detector. 22822_ Assembled emerge from beneath the floor. 22822_ Slug penetrates Wall. 22825_ K-01 Serf cleans the Wave Collapse Detector. 22826_ Slug penetrates Wall. 22828_ Wall collapses. 22828_ K-01 Serf cleans the Wave Collapse Detector. 22829_ Slug penetrates Wall. 22831_ K-01 Serf cleans the Wave Collapse Detector. 22833_ System corrupted: Energy discharge (-35). 22834_ as-03569 system terminally corrupted. 22834_ P-80 Master suffers critical hit (Burn). [Achievement: 40k Club] [Achievement: Overachiever] Map ----- +----------------------------------------------------+ | ?????????????????????????????????????????????????? | | ?????????????????????????????????????????????????? | | ?????????????????????????????????????????????????? | | ?????????????????????????????????????????????????? | | ?????????????????????????????????????????????????? | | ?????????????????????????????????????????????????? | | ?????????????????????????????????????????????????? | | ?????????????????????????????????????????????????? | | ?????????????????????????????????????????????????? | | ??????????######?????????????????????????????????? | | ########### #?????????????????????????????????? | | ! #?????????????????????????????????? | | #?????????????????????????????????? | | ########### #?????????????????????????????????? | | ??????????## ##?????????????????????????????????? | | ???????????# #??????????????????????????????????? | | ???????????# #??????????????????????????????????? | | ???????????# #??????????????????????????????????? | | ???????????# #??????????????????????????????????? | | ???????????# #??????????????????????????????????? | | ??????????## ##?????????????????????????????????? | | ??????????# ##########+##?????????????????????? | | ??????????# g k ????????????????????? | | ??????????#* ! ????????????????????? | | ??????????# ##########/#######????????????????? | | ?????#######+####### @ #????????????????? | | ?????# + #????????????????? | | ?????# # #????????????????? | | ?????# """ """ # """"" #????????????????? | | ##???# """S""" # """"" #????????????????? | | #???# # """"" #????????????????? | | #???# # """"" #????????????????? | | #################### """"" #????????????????? | | ! #??????# """"" #????????????????? | | #??????# #????????????????? | | #?????## ##???????????????? | | #?????## ##???????????????? | | "" #?????################???????????????? | | "" #??????###??###???###????????????????? | | ] """"""#????????????????????????????????????? | | """"""#????????????????????????????????????? | | "" #????????????????????????????????????? | | "" #????????????????????????????????????? | | #????????????????????????????????????? | | #????????????????????????????????????? | | #############????????????????????????????????????? | | ######???????????????????????????????????????????? | | #???????????????????????????????????????????? | | #???????????????????????????????????????????? | | #???????????????????????????????????????????? | +----------------------------------------------------+ Best States ------------- Heat Dissipation 116 Coolant Potential 80 Energy Generation 72 Energy Capacity 790 Matter Stores 550 Matter Capacity 550 Sight Range 16 Robot Scan Range 20 Terrain Scan Range 16 Terrain Scan Density 10 ECM Strength 1 Jamming Range 14 Power Amplification 60 Additional Mass Support 9 Armor Coverage 1200 Resistance: TH 15 Core Shielding 30 Phase Shifting 5 Evasion (%) 64 Targeting Accuracy 13 Target Analysis 15 Recoil Reduction 6 Kinecelleration 40 Salvage Targeting 2 Offensive Hacking 20 Relay Coupler Types 6 Relay Coupler Value 339 Authchip Count 2 Item Schematics ----------------- Mic. Antimatter Reactor | -2/Quarantine | Scanalyzed Adv. Powered Armor | -2/Quarantine | Scanalyzed Imp. KE Penetrator | -2/Quarantine | Archive Adv. Kinecellerator | -2/Quarantine | Archive Imp. Antigrav System | -1/Access | Scanalyzed Robot Schematics ------------------ A-27 Freighter | -2/Quarantine | Archive T-07 Excavator | -2/Quarantine | Archive Fabricated ------------ O-16 Technician | x1 | -6/Factory | Authchip Alien Tech Used ----------------- Core Reset Matrix Transdimensional Reconstructor Subatomic Replicator Dimensional Node Initializer Achievements -------------- 40k Club Alien Roots Overachiever Subspace Traveler Challenges ------------ None Game ------ Seed TachyonFlyingImmobilizer Manual? 0 Play Time 04:58:33 Cumulative 136.6 hours Start 2023.07.10 @ 22:01:11 End 2023.07.11 @ 03:13:55 Sessions 1 Manual Loads 0 Difficulty Rogue Special Mode None Game No. 124 Rogue 124 Adventurer 0 Explorer 0 Win Type - Total 1 Types 1/0/0/0/0/0/0/0/0 Lore% 46 Gallery% 63 Achievement% 51 Wizard Run 0 Options --------- ASCII 0 Keyboard 0 Movement Numpad Keybinds 0 Fullscreen 2 Font 18/Smallcaps Map View 76x50 Tactical HUD 1 Map Filters NONE Filters NONE Steam 1 RUN: b205633a-4413-49ba-837e-3f047190a3a4